 Dungeon Crawl Stone Soup version 0.31-a0-977-gc230f8ef24 (webtiles) character file.

Game seed: 16533042142599711418

9410 Fodor the Basher (level 11, -9/150 HPs)
             Began as a Minotaur Fighter on Oct 29, 2023.
             Mangled by a gnoll
             ... wielding a +0 halberd
              (10 damage)
             ... on level 9 of the Dungeon.
             The game lasted 00:49:20 (9658 turns).

Fodor the Basher (Minotaur Fighter)                 Turns: 9658, Time: 00:49:21

Health: -9/150     AC: 24    Str: 23    XL:     11   Next: 22%
Magic:  10/10      EV:  8    Int: 10    God:
Gold:   417        SH:  0    Dex: 19    Spells: 10/10 levels left

rFire   . . .        F - +3 dire flail (protect)
rCold   . . .        (shield currently unavailable)
rNeg    . . .        Q - +0 plate armour
rPois   .            (helmet restricted)
rElec   .            (no cloak)
rCorr   .            (no gloves)
SInv    .            h - +2 pair of boots of the Arcane {Int+2}
Will    .....        (no amulet) Stlth
                     e - +6 ring of dexterity
HPRegen 0.45/turn    k - +4 ring of protection
MPRegen 0.12/turn

%: no passive effects
@: mighty, berserking, lethally poisoned (-9 -> -15), under a protective aura,
hasted, very quick
A: horns 2, retaliatory headbutt, agile 1, clever 1, deformed body
a: no special abilities


You were on level 9 of the Dungeon.
You visited 2 branches of the dungeon, and saw 10 of its levels.

You collected 417 gold pieces.

Inventory:

Hand Weapons
 a - a +0 shortbow
 F - a +3 dire flail of protection (weapon)
 P - a +0 broad axe
Missiles
 n - 32 poisoned darts
 p - 4 atropa-tipped darts (quivered)
 r - 4 datura-tipped darts
 A - 4 boomerangs
 O - a throwing net
Armour
 c - a +0 buckler
 h - the +2 pair of boots of the Arcane (worn) {Int+2}
   (You found it on level 9 of the Dungeon)

   Int+2:     It affects your intelligence (+2).
 Q - a +0 plate armour (worn)
Jewellery
 e - a +6 ring of dexterity (left hand)
 k - a +4 ring of protection (right hand)
 J - a ring of positive energy
Wands
 m - a wand of charming (35)
 s - a wand of flame (12)
 E - a wand of polymorph (16)
 I - a wand of acid (6)
Scrolls
 b - a scroll of enchant armour {unknown}
 f - 6 scrolls of identify {unknown}
 g - a scroll of fear {unknown}
 l - 2 scrolls of enchant weapon
 q - 9 scrolls of teleportation
 u - 2 scrolls of poison {unknown}
 w - a scroll of noise {unknown}
 y - a scroll of immolation {unknown}
 B - a scroll of summoning {unknown}
 C - a scroll of blinking {unknown}
 D - 2 scrolls of torment {unknown}
 N - 2 scrolls of revelation {unknown}
Potions
 d - 4 potions of might
 i - a potion of brilliance
 j - a potion of degeneration
 t - a potion of magic
 v - a potion of mutation
 G - 2 potions of enlightenment {unknown}
 H - a potion of attraction {unknown}
 L - a potion of heal wounds {unknown}
Miscellaneous
 M - a phial of floods


   Skills:
 + Level 10.3 Fighting
 + Level 3.9(9.8) Axes
 + Level 13.8(14.1) Maces & Flails
 + Level 1.2 Throwing
 + Level 10.8 Armour
 + Level 2.5 Dodging
 + Level 1.9 Stealth
 + Level 5.4 Shields
 + Level 1.1 Unarmed Combat


You had 10 spell levels left.
You didn't know any spells.
Your spell library contained the following spells:

 Spells                   Type           Power      Damage    Failure   Level
 Magic Dart               Conj           0%         1d3       99%         1
 Slow                     Hex            0%         N/A       99%         1
 Call Imp                 Summ           0%         N/A       100%        2
 Confusing Touch          Hex            0%         N/A       100%        3
 Mephitic Cloud           Conj/Pois/Air  0%         N/A       100%        3
 Sigil of Binding         Hex            0%         N/A       100%        3
 Vampiric Draining        Necr           0%         2d6       100%        3
 Volatile Blastmotes      Fire/Tloc      0%         2d10      100%        3
 Anguish                  Hex/Necr       0%         N/A       100%        4
 Cause Fear               Hex            0%         N/A       100%        4
 Fulminant Prism          Conj/Hex       0%         3d5       100%        4
 Iskenderun's Mystic Bla  Conj/Tloc      0%         2d3       100%        4
 Enfeeble                 Hex            0%         N/A       100%        7


Dungeon Overview and Level Annotations

Branches:
Dungeon (9/15)             Temple (1/1) D:6            Lair (0/5) D:8
    Orc (0/2) D:9

Altars:
Ashenzari
Cheibriados
Dithmenos
Elyvilon
Fedhas
Hepliaklqana
Kikubaaqudgha
Makhleb
Nemelex Xobeh
Qazlal
Sif Muna
Trog
Uskayaw
Vehumet
Wu Jian
Xom
Yredelemnul
Zin
The Shining One


Innate Abilities, Weirdness & Mutations

You have a pair of horns on your head.
You reflexively headbutt those who attack you in melee.
You are agile. (Dex +4, Str/Int -1)
Your mind is acute. (Int +4, Str/Dex -1)
Armour fits poorly on your strangely shaped body.


Message History

You feel yourself moving faster!
You feel mighty!
You feel sick.
You are no longer poisoned.
The gnoll sergeant hits you from afar with a +0 spear.
* * * LOW HITPOINT WARNING * * *
Unknown command.
Unknown command.
You feel a strong urge to attack something.
The gnoll barely misses you. The gnoll closely misses you.
The gnoll sergeant hits you with a +0 spear.
* * * LOW HITPOINT WARNING * * *
Things that are here:
a +0 club; a gnoll corpse You impale the gnoll sergeant!!
Your weapon exudes an aura of protection.
The gnoll sergeant is severely wounded.
You bludgeon the gnoll sergeant!!
You kill the gnoll sergeant!
The gnoll hits you but does no damage.
You are poisoned.
The gnoll barely misses you.
You feel sick.
Items here: ( ))))) [[[[[ ††.
You hit the gnoll but do no damage.
You feel sick. The gnoll hits you but does no damage.
You are lethally poisoned!
The gnoll closely misses you.
You closely miss the gnoll. You headbutt the gnoll!
The gnoll is heavily wounded.
* * * LOW HITPOINT WARNING * * *
You feel sick.
You bludgeon the gnoll!!
You kill the gnoll!
* * * LOW HITPOINT WARNING * * *
You feel sick.
* * * LOW HITPOINT WARNING * * *
You feel sick.
The gnoll hits you from afar with a +0 spear.
* * * LOW HITPOINT WARNING * * *
The gnoll hits you with a +0 halberd!
You die...

# #.# #..........#
#.#####
###.#####.##......##
#.#####
..........##......#
#......
###.##########.##.####
####### #..# #.......#
#.## #######.###.# #.#
#8.$.8#.###.## #)#
#.?...#.#....# #.#
#.$>(gg@###..# #.#
#....(#)# #..# #.#
#8...8#)# #..# #.#
#######.# #..#
#.#########.##..# #..#
#..............## #..#
###########.####
#..########### #####.#
#............. #.....#
#####.###########


You could see 2 gnolls.

Vanquished Creatures
  2 two-headed ogres
  Pikel (D:4)
  3 trolls
  Grinder (D:5)
  A slime creature (D:7)
  A wraith (D:5)
  9 yaks (D:9)
  A steam dragon (D:6)
  2 wargs (D:8)
  Edmund (D:5)
  3 vampire mosquitoes (D:9)
  A water moccasin (D:7)
  2 orc warriors
  5 sky beasts
  2 black bears
  2 ogres
  3 centaurs
  2 phantoms
  Blork the orc (D:5)
  10 kobold brigands
  A bullfrog (D:7)
  3 gnoll sergeants (D:9)
  3 scorpions (D:6)
  5 wights (D:9)
  5 howler monkeys
  3 hounds (D:5)
  6 jellies
  8 orc priests
  3 sleepcaps
  Jessica (D:2)
  4 iguanas
  8 orc wizards
  Terence (D:2)
  12 gnolls
  12 adders
  3 shadow imps
  4 white imps
  4 worms
  2 dart slugs
  32 orcs
  7 ball pythons
  7 bats
  11 endoplasms
  3 giant cockroaches
  6 goblins
  4 hobgoblins
  2 jackals (D:3)
  3 quokkas
  3 frilled lizards
  32 kobolds
  A rat (D:1)
252 creatures vanquished.

Notes
Turn   | Place    | Note
-------+----------+-------------------------------------------
     0 | D:1      | Fodor the Minotaur Fighter began the quest for the Orb.
     0 | D:1      | Reached XP level 1. HP: 19/19 MP: 0/0
    94 | D:1      | Reached XP level 2. HP: 27/27 MP: 1/1
   431 | D:1      | Reached XP level 3. HP: 30/33 MP: 2/2
   805 | D:2      | Noticed Terence
   814 | D:2      | Killed Terence
   907 | D:2      | Reached XP level 4. HP: 41/41 MP: 3/3
   946 | D:2      | Found a faded altar of an unknown god.
  1368 | D:2      | Noticed Jessica
  1380 | D:2      | Killed Jessica
  1381 | D:2      | Reached skill level 1 in Maces & Flails
  1381 | D:2      | Reached skill level 1 in Dodging
  1584 | D:2      | Reached XP level 5. HP: 47/47 MP: 4/4
  2347 | D:3      | Found an ornate altar of the Wu Jian Council.
  2786 | D:4      | Noticed Pikel
  2788 | D:4      | Noticed a lemure
  2788 | D:4      | Noticed a lemure
  2793 | D:4      | Killed Pikel
  2794 | D:4      | Reached skill level 5 in Fighting
  2794 | D:4      | Reached skill level 4 in Maces & Flails
  2794 | D:4      | Reached skill level 1 in Throwing
  2794 | D:4      | Reached skill level 5 in Armour
  2794 | D:4      | Reached XP level 6. HP: 49/56 MP: 5/5
  2794 | D:4      | Reached XP level 7. HP: 53/61 MP: 6/6
  2913 | D:4      | Reached skill level 5 in Maces & Flails
  3685 | D:4      | Identified the +3 ring mail of Isatomacs {rElec rF- Will++
                  | Str-4}
  3745 | D:5      | Entered Level 5 of the Dungeon
  3754 | D:5      | Reached skill level 5 in Shields
  3787 | D:5      | Noticed Grinder
  3788 | D:5      | Paralysed by Grinder for 5 turns
  3808 | D:5      | Killed Grinder
  3809 | D:5      | Reached skill level 6 in Maces & Flails
  3809 | D:5      | Reached XP level 8. HP: 36/70 MP: 7/7
  4091 | D:5      | Noticed Edmund
  4137 | D:5      | Killed Edmund
  4347 | D:5      | Reached skill level 7 in Maces & Flails
  4893 | D:5      | Reached skill level 1 in Stealth
  4971 | D:5      | Noticed a two-headed ogre
  4971 | D:5      | Noticed a troll
  4971 | D:5      | Noticed Blork the orc
  4982 | D:5      | Killed a two-headed ogre
  4983 | D:5      | Reached skill level 8 in Maces & Flails
  4983 | D:5      | Reached XP level 9. HP: 79/79 MP: 8/8
  4988 | D:5      | Killed a troll
  4989 | D:5      | Reached skill level 1 in Unarmed Combat
  4995 | D:5      | Killed Blork the orc
  5051 | D:5      | Reached skill level 9 in Maces & Flails
  5723 | D:6      | Reached skill level 10 in Maces & Flails
  5991 | D:6      | Noticed a troll
  5997 | D:6      | Killed a troll
  5998 | D:6      | Reached XP level 10. HP: 79/90 MP: 9/9
  6036 | D:6      | Found a staircase to the Ecumenical Temple.
  6046 | Temple   | Entered the Ecumenical Temple
  6229 | D:6      | Identified the +2 short sword "Kuytt" {antimagic, Will+}
  6944 | D:7      | Found a shadowy altar of Dithmenos.
  6944 | D:7      | Found a sparkling altar of Nemelex Xobeh.
  6944 | D:7      | Found a radiant altar of Vehumet.
  6944 | D:7      | Found a hide-covered altar of Uskayaw.
  6944 | D:7      | Found an ancient bone altar of Kikubaaqudgha.
  6944 | D:7      | Found a sparkling altar of Nemelex Xobeh.
  6958 | D:7      | Reached skill level 11 in Maces & Flails
  7909 | D:8      | Found a staircase to the Lair.
  7921 | D:8      | Reached skill level 10 in Armour
  8040 | D:8      | Found a shimmering blue altar of Sif Muna.
  8096 | D:8      | Found a stormy altar of Qazlal.
  8847 | D:9      | Reached skill level 12 in Maces & Flails
  8951 | D:9      | Noticed a two-headed ogre
  8958 | D:9      | Killed a two-headed ogre
  9021 | D:9      | Identified the +2 pair of boots of the Arcane {Int+2}
  9376 | D:9      | Reached skill level 13 in Maces & Flails
  9385 | D:9      | Reached XP level 11. HP: 85/99 MP: 10/10
  9388 | D:9      | Reached skill level 10 in Fighting
  9580 | D:9      | Found a staircase to the Orcish Mines.
  9646 | D:9      | Gained mutation: You are agile. (Dex +4, Str/Int -1)
                  | [potion of mutation]
  9646 | D:9      | Gained mutation: Your mind is acute. (Int +4, Str/Dex -1)
                  | [potion of mutation]
  9646 | D:9      | Gained mutation: Armour fits poorly on your strangely
                  | shaped body. [potion of mutation]
  9655 | D:9      | HP: 7/150 [poisoned by a gnoll]
  9658 | D:9      | HP: 1/150 [gnoll/+0 spear (4)]
  9658 | D:9      | Mangled by a gnoll

Illustrated notes

Levels and vault maps discovered:
D:1:      lightli_arrival_statuegarden, layout_loops_cross
D:2:      layout_loops_ring, hellmonk_ecumenical_altar_arch_garden,
          hangedman_decor_growths, uniq_terence, uniq_jessica
D:3:      wad_lake_hut, layout_basic, general_overflow_altar,
          minmay_close_crescents
D:4:      layout_basic, minmay_diced_spiral, uniq_pikel
D:5:      layout_loops_corners, st_stairs_4, minmay_divided_ellipse,
          uniq_grinder, uniq_edmund, uniq_blork_the_orc
D:6:      nicolae_BIG_FREAKIN_CUBE, layout_cave_pods,
          minmay_temple_entry_gardened_gates, minmay_checkerbox
D:7:      cheibrodos_fertilizer, layout_basic
D:8:      layout_loops_ring, nicolae_overflow_hidden_temple,
          lemuel_coloured_pillars_altar, erik_lair_orcish_takeover, minivault_25
D:9:      layout_loops_ring, kennysheep_orc_monster_closet_entryway
Temple:   nicolae_temple_slightly_damp_pantheon

Skill      XL: |  1  2  3  4  5  6  7  8  9 10 11 |
---------------+----------------------------------+-----
Fighting       | 4 5 6 7 8 9 10 | 10.3
Armour         | 4 5 6 8 9 10 | 10.8
Shields        | 4 5 |  5.4
Axes           | 3 |  3.9
Maces & Flails | 1 4 6 8 10 13 | 13.8
Dodging        | 1 2 |  2.5
Throwing       | 1 |  1.2
Stealth        | 1 |  1.9
Unarmed Combat | 1 |  1.1

Action                     |  1- 3 |  4- 6 |  7- 9 | 10-12 || total
---------------------------+-------+-------+-------+-------++-------
  Melee: War axe           |    50 |       |       |       ||    50
         Headbutt          |     5 |     8 |    37 |    67 ||   117
         Mace              |     1 |    62 |    89 |       ||   152
         Dire flail        |       |       |   115 |   309 ||   424
         Unarmed           |       |       |     7 |       ||     7
  Throw: Dart              |       |     7 |       |     5 ||    12
    Use: Potion            |       |       |     2 |    11 ||    13
         Scroll            |       |       |     2 |       ||     2
   Stab: Confused          |       |       |     2 |       ||     2
         Invisible         |       |       |       |     1 ||     1
 Armour: Scale mail        |    23 |       |       |       ||    23
         Chain mail        |    15 |    44 |   185 |    78 ||   322
         Skin              |       |       |     1 |       ||     1
         Plate armour      |       |       |       |   240 ||   240
  Dodge: Dodged            |    35 |    28 |   112 |   111 ||   286
  Block: Buckler           |    15 |    19 |    20 |       ||    54

Table legend: (Time is in decaauts)
 A = Elapsed time spent in this place.
 B = Non-inter-level travel time spent in this place.
 C = Inter-level travel time spent in this place.
 D = Time resting spent in this place.
 E = Time spent auto-exploring this place.
 F = Levels seen in this place.
 G = Mean time per level.
                   A        B        C        D        E       F      G
               +--------+--------+--------+--------+--------+-----+--------+
         Total |   9738 |   8914 |    824 |    947 |      0 |  10 |  973.8 |
       Dungeon |   9560 |   8736 |    824 |    947 |      0 |   9 | 1062.2 |
        Temple |    178 |    178 |      0 |      0 |      0 |   1 |  178.0 |
               +--------+--------+--------+--------+--------+-----+--------+

Top non-repeatable levels by time:
     D:5: 1687 daAuts
     D:7: 1280 daAuts
     D:3: 1122 daAuts
     D:4: 1067 daAuts
     D:8: 1056 daAuts
     D:2: 899 daAuts
     D:9: 831 daAuts
     D:1: 820 daAuts
     D:6: 794 daAuts
  Temple: 178 daAuts
